A+ - U26
MODESTO NUTS @ STOCKTON PORTS
04/26/2053
 
TOP OF THE 1ST
High Desert Mavericks batting - Pitching for Santa Cruz Cruisers : RHP Yelvin De La Cruz
Pitching: RHP Yelvin De La Cruz
Batting: LHB P.J. Rodgers 0-0: Called Strike
0-1: Ball
1-1: Ball
2-1: Foul Ball, location: 2F
2-2: Foul Ball, location: 2F
2-2: Ground out 2-3 (Groundball, 2L, EV 60.6 MPH)
Batting: SHB Terry Word 0-0: Ball
1-0: Called Strike
1-1: Called Strike
1-2: Strikes out swinging
Batting: RHB Alexis Prieto 0-0: Ball
1-0: Ball
2-0: Called Strike
2-1: Ball
3-1: Foul Ball, location: 2F
3-2: Ground out 4-3 (Groundball, 4, EV 100.6 MPH)
Top of the 1st over - 0 runs, 0 hits, 0 errors, 0 left on base; High Desert 0 - Santa Cruz 0
BOTTOM OF THE 1ST
Santa Cruz Cruisers batting - Pitching for High Desert Mavericks : LHP Gary McDonald
Pitching: LHP Gary McDonald
Batting: RHB Lou Northam 0-0: Fly out, F8 (Line Drive, 8RM, EV 92.5 MPH)
Batting: LHB Steve Dunlap 0-0: Ball
1-0: Ball
2-0: Ball
3-0: Base on Balls
Batting: SHB Hamilton Fernández 0-0: Ball
1-0: Ball
2-0: Fly out, F7 (Flyball, 78S, EV 90.6 MPH)
Batting: RHB Jude Beverly 0-0: SINGLE (Line Drive, 78S, EV 108.8 MPH)
Steve Dunlap to second
Runner from 2nd tries for 3rd, SAFE, no throw by LF
Batting: RHB Basilio Medina 0-0: Ball
1-0: Called Strike
1-1: Ball
2-1: Foul Ball, location: 2F
2-2: Strikes out swinging
Bottom of the 1st over - 0 runs, 1 hit, 0 errors, 2 left on base; High Desert 0 - Santa Cruz 0
TOP OF THE 2ND
High Desert Mavericks batting - Pitching for Santa Cruz Cruisers : RHP Yelvin De La Cruz
Batting: RHB Martim De Los Santos 0-0: Ball
1-0: Called Strike
1-1: Foul Ball, location: 2F
1-2: Foul Ball, location: 2F
1-2: SINGLE (Groundball, 56D, EV 98.8 MPH)
Batting: SHB Carlton De Stefano 0-0: Called Strike
0-1: Swinging Strike
0-2: Foul Ball, location: 2F
0-2: Ball
1-2: Strikes out swinging
Batting: RHB Collin Richardson 0-0: Ball
1-0: Ball
2-0: Ball
3-0: Base on Balls
Martim De Los Santos to second
Batting: RHB Jake Gabri 0-0: Ball
1-0: Ball
2-0: Ball
3-0: Base on Balls
Martim De Los Santos to third
Collin Richardson to second
Batting: RHB Gunner Jung 0-0: Swinging Strike
0-1: Ball
1-1: Ball
2-1: Fly out, F4 (Line Drive, 4, EV 64.4 MPH)
Batting: RHB Kris DiGiovanni 0-0: Ball
1-0: Ball
2-0: Foul Ball, location: 2F
2-1: Foul Ball, location: 2F
2-2: Ball
3-2: Strikes out swinging
Top of the 2nd over - 0 runs, 1 hit, 0 errors, 3 left on base; High Desert 0 - Santa Cruz 0
BOTTOM OF THE 2ND
Santa Cruz Cruisers batting - Pitching for High Desert Mavericks : LHP Gary McDonald
Batting: LHB Josh Titler Jr. 0-0: Ball
1-0: Ball
2-0: Ball
3-0: Base on Balls
Batting: RHB Snapper Wilson 0-0: Ball
1-0: Foul Ball, location: 2F
1-1: Ball
2-1: Called Strike
2-2: Foul Ball, location: 2F
2-2: Ball
Wild Pitch!
Josh Titler Jr. to second
3-2: Strikes out swinging
Batting: RHB Sullivan McCollum 0-0: Ball
1-0: Called Strike
1-1: Swinging Strike
1-2: Strikes out looking
Batting: RHB Marco Naranjo 0-0: Ball
1-0: Called Strike
1-1: Called Strike
1-2: Foul Ball, location: 2F
1-2: Ball
2-2: Foul Ball, location: 2F
2-2: Ball
3-2: Ground out 1-3 (Groundball, P, EV 71.9 MPH)
Bottom of the 2nd over - 0 runs, 0 hits, 0 errors, 1 left on base; High Desert 0 - Santa Cruz 0
TOP OF THE 3RD
High Desert Mavericks batting - Pitching for Santa Cruz Cruisers : RHP Yelvin De La Cruz
Batting: LHB P.J. Rodgers 0-0: Fly out, F3 (Popup, 3SF, EV 89.4 MPH)
Batting: SHB Terry Word 0-0: Foul Ball, location: 2F
0-1: SINGLE (Line Drive, 8RS, EV 101.9 MPH)
Batting: RHB Alexis Prieto 0-0: Called Strike
0-1: Ball
1-1: Ball
2-1: Ball
3-1: Swinging Strike
3-2: Fielders Choice at 2nd, 6-4 (Groundball, 6, EV 86.2 MPH)
Batting: RHB Martim De Los Santos 0-0: Called Strike
0-1: Ball
1-1: Called Strike
1-2: Foul Ball, location: 2F
1-2: Fly out, F9 (Flyball, 9, EV 88.8 MPH)
Top of the 3rd over - 0 runs, 1 hit, 0 errors, 1 left on base; High Desert 0 - Santa Cruz 0
BOTTOM OF THE 3RD
Santa Cruz Cruisers batting - Pitching for High Desert Mavericks : LHP Gary McDonald
Batting: RHB Lou Northam 0-0: Fly out, F7 (Line Drive, 7, EV 91.2 MPH)
Batting: LHB Steve Dunlap 0-0: Called Strike
0-1: Swinging Strike
0-2: Strikes out swinging
Batting: SHB Hamilton Fernández 0-0: Ball
1-0: Ball
2-0: Called Strike
2-1: Ball
3-1: Base on Balls
Batting: RHB Jude Beverly 0-0: Ball
1-0: Ball
2-0: SINGLE (Groundball, 6M, EV 102.5 MPH) (infield hit)
Hamilton Fernández to second
Batting: RHB Basilio Medina 0-0: Called Strike
0-1: Swinging Strike
0-2: Ball
1-2: Foul Ball, location: 2F
1-2: Strikes out swinging
Bottom of the 3rd over - 0 runs, 1 hit, 0 errors, 2 left on base; High Desert 0 - Santa Cruz 0
TOP OF THE 4TH
High Desert Mavericks batting - Pitching for Santa Cruz Cruisers : RHP Yelvin De La Cruz
Batting: SHB Carlton De Stefano 0-0: Called Strike
0-1: Ball
1-1: Ball
2-1: Ball
3-1: Foul Ball, location: 2F
3-2: Base on Balls
Batting: RHB Collin Richardson 0-0: Called Strike
0-1: Ball
1-1: Ball
2-1: Ball
Carlton De Stefano steals 2nd base
3-1: Fly out, F8 (Flyball, 78D, EV 98.1 MPH)
Batting: RHB Jake Gabri 0-0: Called Strike
0-1: Ball
1-1: Ball
2-1: Swinging Strike
2-2: Ball
3-2: Foul Ball, location: 2F
3-2: Base on Balls
Batting: RHB Gunner Jung 0-0: Ball
1-0: Ball
2-0: Called Strike
2-1: Fly out, F8 (Flyball, 8RXD, EV 104.4 MPH)
Runner from 2nd tags up, SAFE at 3rd, no throw by CF
Batting: RHB Kris DiGiovanni 0-0: Called Strike
0-1: Foul Ball, location: 2F
0-2: Ball
1-2: Foul Ball, location: 2F
1-2: Ball
2-2: Foul Ball, location: 2F
2-2: Strikes out swinging
Top of the 4th over - 0 runs, 0 hits, 0 errors, 2 left on base; High Desert 0 - Santa Cruz 0
BOTTOM OF THE 4TH
Santa Cruz Cruisers batting - Pitching for High Desert Mavericks : LHP Gary McDonald
Batting: LHB Josh Titler Jr. 0-0: Foul Ball, location: 2F
0-1: Foul Ball, location: 2F
0-2: Ball
1-2: Ball
2-2: Fly out, F9 (Flyball, 9D, EV 85.6 MPH)
Batting: RHB Snapper Wilson 0-0: Ball
1-0: Ball
2-0: Foul Ball, location: 2F
2-1: Foul Ball, location: 2F
2-2: Ball
3-2: SINGLE (Line Drive, 8RS, EV 102.5 MPH)
Batting: RHB Sullivan McCollum 0-0: Foul Ball, location: 2F
0-1: Grounds into double play, 4-6-3 (Groundball, 34, EV 100.0 MPH)
Bottom of the 4th over - 0 runs, 1 hit, 0 errors, 0 left on base; High Desert 0 - Santa Cruz 0
TOP OF THE 5TH
High Desert Mavericks batting - Pitching for Santa Cruz Cruisers : RHP Yelvin De La Cruz
Batting: LHB P.J. Rodgers 0-0: Ball
1-0: Ball
2-0: Called Strike
2-1: Foul Ball, location: 2F
2-2: Foul Ball, location: 2F
2-2: SINGLE (Flyball, 78S, EV 96.2 MPH)
Batting: SHB Terry Word 0-0: Called Strike
P.J. Rodgers steals 2nd base
0-1: Fly out, F7 (Line Drive, 7, EV 95.0 MPH)
Batting: RHB Alexis Prieto 0-0: Ball
1-0: Foul Ball, location: 2F
1-1: Ball
2-1: Foul Ball, location: 2F
2-2: Ball
3-2: Foul Ball, location: 2F
3-2: Ground out 6-3 (Groundball, 6, EV 81.9 MPH)
P.J. Rodgers to third
Pitching: RHP C.J. Anderson
Batting: RHB Martim De Los Santos 0-0: Ball
1-0: Ball
2-0: Foul Ball, location: 2F
2-1: Called Strike
2-2: Foul Ball, location: 2F
2-2: Strikes out swinging
Top of the 5th over - 0 runs, 1 hit, 0 errors, 1 left on base; High Desert 0 - Santa Cruz 0
BOTTOM OF THE 5TH
Santa Cruz Cruisers batting - Pitching for High Desert Mavericks : LHP Gary McDonald
Batting: RHB Marco Naranjo 0-0: Called Strike
0-1: Ball
1-1: Ball
2-1: Ball
3-1: Base on Balls
Batting: RHB Lou Northam 0-0: Bunted foul
0-1: Bunt missed!
0-2: Strikes out swinging
Batting: LHB Steve Dunlap 0-0: Swinging Strike
0-1: Foul Ball, location: 2F
0-2: Strikes out swinging
Batting: SHB Hamilton Fernández 0-0: Called Strike
0-1: Ball
1-1: Ball
2-1: SINGLE (Groundball, 4MD, EV 108.1 MPH)
Marco Naranjo to second
Runner from 2nd tries for 3rd, SAFE, no throw by CF
Batting: RHB Jude Beverly 0-0: SINGLE (Line Drive, 7LS, EV 97.5 MPH)
Marco Naranjo scores
Hamilton Fernández to second
Batting: RHB Basilio Medina 0-0: Ball
1-0: Ball
2-0: Ball
3-0: Base on Balls
Hamilton Fernández to third
Jude Beverly to second
Batting: LHB Josh Titler Jr. 0-0: Ground out 6-3 (Groundball, 6S, EV 76.9 MPH)
Bottom of the 5th over - 1 run, 2 hits, 0 errors, 3 left on base; High Desert 0 - Santa Cruz 1
TOP OF THE 6TH
High Desert Mavericks batting - Pitching for Santa Cruz Cruisers : RHP C.J. Anderson
Batting: SHB Carlton De Stefano 0-0: Called Strike
0-1: Ball
1-1: Ball
2-1: Ball
3-1: Foul Ball, location: 2F
3-2: Ground out 6-3 (Groundball, 6, EV 96.9 MPH)
Batting: RHB Collin Richardson 0-0: Called Strike
0-1: Foul Ball, location: 2F
0-2: Ground out 5-3 (Groundball, 56, EV 84.4 MPH)
Batting: RHB Jake Gabri 0-0: Ball
1-0: SINGLE (Line Drive, 8RM, EV 94.4 MPH)
Batting: RHB Gunner Jung 0-0: Swinging Strike
0-1: Fielders Choice at 2nd, 5-4 (Groundball, 56, EV 90.6 MPH)
Top of the 6th over - 0 runs, 1 hit, 0 errors, 1 left on base; High Desert 0 - Santa Cruz 1
BOTTOM OF THE 6TH
Santa Cruz Cruisers batting - Pitching for High Desert Mavericks : LHP Gary McDonald
Pitching: LHP Mason Edmundson
Batting: RHB Snapper Wilson 0-0: Ball
1-0: Foul Ball, location: 2F
1-1: Ball
2-1: Foul Ball, location: 2F
2-2: Fly out, F8 (Flyball, 8LM, EV 92.5 MPH)
Batting: RHB Sullivan McCollum 0-0: Called Strike
0-1: Fly out, F4 (Popup, 4M, EV 63.1 MPH)
Batting: RHB Marco Naranjo 0-0: Ball
1-0: Foul Ball, location: 2F
1-1: Ball
2-1: Ball
3-1: Base on Balls
Batting: RHB Lou Northam 0-0: Ground out U3 (Groundball, 3, EV 91.9 MPH)
Bottom of the 6th over - 0 runs, 0 hits, 0 errors, 1 left on base; High Desert 0 - Santa Cruz 1
TOP OF THE 7TH
High Desert Mavericks batting - Pitching for Santa Cruz Cruisers : RHP C.J. Anderson
Batting: RHB Kris DiGiovanni 0-0: Fly out, F9 (Flyball, 89M, EV 92.5 MPH)
Batting: LHB P.J. Rodgers 0-0: Ball
1-0: Ball
2-0: Ball
3-0: Called Strike
3-1: Ground out 1-3 (Groundball, 34S, EV 68.8 MPH)
Batting: SHB Terry Word 0-0: Ball
1-0: Ball
2-0: SINGLE (Line Drive, 4MD, EV 95.6 MPH)
Batting: RHB Alexis Prieto 0-0: Ball
1-0: SINGLE (Groundball, 6MD, EV 101.2 MPH)
Terry Word to second
Runner from 2nd tries for 3rd, SAFE, no throw by CF
Batting: RHB Martim De Los Santos 0-0: Foul Ball, location: 2F
0-1: Ball
1-1: Ground out U3 (Groundball, 3, EV 83.8 MPH)
Top of the 7th over - 0 runs, 2 hits, 0 errors, 2 left on base; High Desert 0 - Santa Cruz 1
BOTTOM OF THE 7TH
Santa Cruz Cruisers batting - Pitching for High Desert Mavericks : LHP Mason Edmundson
Batting: LHB Steve Dunlap 0-0: Ball
1-0: Ground out 4-3 (Groundball, 4, EV 93.1 MPH)
Batting: SHB Hamilton Fernández 0-0: Ball
1-0: SINGLE (Groundball, 56, EV 100.6 MPH)
Pitching: LHP Christian Stephens
Batting: RHB Jude Beverly 0-0: Ball
Passed Ball!
Hamilton Fernández to second
1-0: Fly out, F9 (Flyball, 9S, EV 93.1 MPH)
Batting: RHB Basilio Medina 0-0: Called Strike
0-1: Ball
1-1: Foul Ball, location: 2F
1-2: Strikes out swinging
Bottom of the 7th over - 0 runs, 1 hit, 0 errors, 1 left on base; High Desert 0 - Santa Cruz 1
TOP OF THE 8TH
High Desert Mavericks batting - Pitching for Santa Cruz Cruisers : RHP C.J. Anderson
Batting: SHB Carlton De Stefano 0-0: Swinging Strike
0-1: Ball
1-1: Ground out 4-3 (Groundball, 34, EV 100.0 MPH)
Batting: RHB Collin Richardson 0-0: Swinging Strike
0-1: Foul Ball, location: 2F
0-2: Ground out U3 (Groundball, 3, EV 85.6 MPH)
Batting: RHB Jake Gabri 0-0: Ball
1-0: Ball
2-0: Ball
3-0: Called Strike
3-1: Foul Ball, location: 2F
3-2: SINGLE (Groundball, 6MD, EV 95.0 MPH)
Pitching: LHP Amos Rosales
Batting: RHB Gunner Jung 0-0: Foul Ball, location: 2F
0-1: Foul Ball, location: 2F
0-2: Strikes out swinging
Top of the 8th over - 0 runs, 1 hit, 0 errors, 1 left on base; High Desert 0 - Santa Cruz 1
BOTTOM OF THE 8TH
Santa Cruz Cruisers batting - Pitching for High Desert Mavericks : LHP Christian Stephens
Batting: LHB Josh Titler Jr. 0-0: Called Strike
0-1: Ball
1-1: Swinging Strike
1-2: Strikes out swinging
Batting: RHB Snapper Wilson 0-0: Ball
1-0: Called Strike
1-1: Foul Ball, location: 2F
1-2: Strikes out swinging
Batting: RHB Sullivan McCollum 0-0: Ball
1-0: Called Strike
1-1: Ball
2-1: Ball
3-1: Base on Balls
Batting: RHB Marco Naranjo 0-0: Called Strike
0-1: Foul Ball, location: 2F
0-2: Ball
1-2: Ball
Wild Pitch!
Sullivan McCollum to second
2-2: Ground out 4-3 (Groundball, 4S, EV 83.1 MPH)
Bottom of the 8th over - 0 runs, 0 hits, 0 errors, 1 left on base; High Desert 0 - Santa Cruz 1
TOP OF THE 9TH
High Desert Mavericks batting - Pitching for Santa Cruz Cruisers : LHP Amos Rosales
Batting: RHB Kris DiGiovanni 0-0: Called Strike
0-1: SINGLE (Flyball, 89D, EV 96.2 MPH)
Batting: LHB P.J. Rodgers 0-0: Bunted foul
0-1: Bunted foul
0-2: Foul Ball, location: 2F
0-2: Fielders Choice at 2nd, 4-6 (Groundball, 4M, EV 89.4 MPH)
Batting: SHB Terry Word 0-0: Foul Ball, location: 2F
0-1: Ball
1-1: Ball
2-1: Grounds into double play, 6-4-3 (Groundball, 6, EV 101.2 MPH)
Top of the 9th over - 0 runs, 1 hit, 0 errors, 0 left on base; High Desert 0 - Santa Cruz 1
Thursday, May 23rd , 2024 - OOTP Baseball 25.4 Build 64